 Dungeon Crawl Stone Soup version 0.20.0-15-g7f486f2 (webtiles) character file.

11600 skittles the Arsonist (level 11, -8/88 HPs)
             Began as a Red Draconian Fire Elementalist on June 11, 2017.
             Was an Elder of Vehumet.
             Mangled by Snorg (11 damage)
             ... on level 11 of the Dungeon.
             The game lasted 00:46:07 (14220 turns).

skittles the Arsonist (DrFE)                       Turns: 14220, Time: 00:46:09

Health: -8/88      AC: 11    Str: 12    XL:     11   Next: 51%
Magic:  0/32       EV: 14    Int: 18    God:    Vehumet [****..]
Gold:   537        SH:  0    Dex: 11    Spells: 7/27 levels left

rFire    + + .     SeeInvis +   a - +8 mace of the Shallot {venom, rElec}
rCold    + . .     Gourm    .   (no shield)
rNeg     . . .     Faith    .   (armour unavailable)
rPois    .         Spirit   +   m - +1 hat
rElec    +         Reflect  .   q - +0 cloak
rCorr    .         Harm     .   K - +1 pair of gloves
MR       .....                  (no boots)
Stlth    ++........             z - amulet "Woos" {Spirit rF+ rC+ MP+9}
Regen    0.3/turn               H - ring of see invisible
MPRegen  0.3/turn               (no ring)

@: short of breath
A: breathe fire, unfitting armour, fire resistance 1, mutation resistance 1,
cold-blooded, AC +7
a: Breathe Fire, Renounce Religion


You were on level 11 of the Dungeon.
You worshipped Vehumet.
Vehumet was greatly pleased with you.
You were hungry.

You visited 2 branches of the dungeon, and saw 12 of its levels.

You collected 537 gold pieces.

Inventory:

Hand Weapons
 a - the +8 mace of the Shallot (weapon) {venom, rElec}
   (You found it on level 5 of the Dungeon)

   It poisons the flesh of those it strikes.
   It insulates you from electricity.
 b - a +2 glaive of freezing
 w - a +2 whip of electrocution
Armour
 m - a +1 hat (worn)
 q - a +0 cloak (worn)
 I - a +0 shield
 K - a +1 pair of gloves (worn)
Jewellery
 z - the amulet "Woos" (around neck) {Spirit rF+ rC+ MP+9}
   (You found it on level 10 of the Dungeon)

   [amulet of guardian spirit]

   It causes incoming damage to be split between your health and magic.
   It protects you from fire.
   It protects you from cold.
   It affects your magic capacity (+9).
 H - a ring of see invisible (left hand)
 M - an uncursed ring of ice
Wands
 y - a wand of confusion (11/48)
 D - a wand of digging (4/24)
 G - a wand of paralysis (20/24)
 O - a wand of polymorph (12/24)
 P - a wand of iceblast (8/15)
Scrolls
 d - 2 scrolls of teleportation
 h - 2 scrolls of magic mapping
 k - 3 scrolls of amnesia
 l - 3 scrolls of fog
 o - 4 scrolls of remove curse
 s - 4 scrolls of recharging {unknown}
 C - 3 scrolls of fear {unknown}
Potions
 e - 2 potions of agility
 i - a potion of might
 p - a potion of curing
 t - a potion of ambrosia
 u - a potion of resistance
 A - a potion of cancellation
 B - 2 potions of haste
 F - a potion of lignification
 L - a potion of flight
Books
 v - a book of Unlife

   Spells                             Type                      Level
   a - Recall                         Summoning/Translocation      3
   b - Animate Dead                   Necromancy                   4
   c - Control Undead                 Necromancy                   4
   d - Cigotuvi's Embrace             Necromancy                   5
   e - Death Channel                  Necromancy                   6
   f - Simulacrum                     Ice/Necromancy               6
 x - a book of Frost

   Spells                             Type                      Level
   a - Freeze                         Ice                          1
   b - Throw Frost                    Conjuration/Ice              2
   c - Ozocubu's Armour               Charms/Ice                   3
   d - Throw Icicle                   Conjuration/Ice              4
   e - Summon Ice Beast               Ice/Summoning                4
 E - a book of Flames

   Spells                             Type                      Level
   a - Flame Tongue                   Conjuration/Fire             1
   b - Throw Flame                    Conjuration/Fire             2
   c - Conjure Flame                  Conjuration/Fire             3
   d - Inner Flame                    Hexes/Fire                   3
   e - Sticky Flame                   Conjuration/Fire             4
   f - Fireball                       Conjuration/Fire             5
 J - a book of Conjurations

   Spells                             Type                      Level
   a - Magic Dart                     Conjuration                  1
   b - Searing Ray                    Conjuration                  2
   c - Dazzling Spray                 Conjuration/Hexes            3
   d - Fulminant Prism                Conjuration/Hexes            4
   e - Force Lance                    Conjuration/Translocation    4
   f - Iskenderun's Mystic Blast      Conjuration                  4
 N - a book of Callings

   Spells                             Type                      Level
   a - Summon Small Mammal            Summoning                    1
   b - Call Imp                       Summoning                    2
   c - Call Canine Familiar           Summoning                    3
   d - Summon Guardian Golem          Hexes/Summoning              3
   e - Summon Lightning Spire         Summoning/Air                4
   f - Summon Ice Beast               Ice/Summoning                4
Comestibles
 c - 4 meat rations
 g - 10 bread rations
 j - 5 royal jellies
 r - 7 fruits


   Skills:
 + Level 5.2 Fighting
 + Level 5.0 Maces & Flails
 + Level 5.2 Dodging
 - Level 1.7 Stealth
 + Level 8.8 Spellcasting
 + Level 9.5 Conjurations
 + Level 11.4 Fire Magic


You had 7 spell levels left.
You knew the following spells:

 Your Spells              Type           Power        Failure   Level  Hunger
a - Flame Tongue          Conj/Fire      #####        1%          1    None
b - Conjure Flame         Conj/Fire      #####...     1%          3    None
c - Sticky Flame          Conj/Fire      #####...     1%          4    ###....
d - Fireball              Conj/Fire      #####.....   1%          5    #####..
e - Throw Icicle          Conj/Ice       ####....     3%          4    ###....
f - Mephitic Cloud        Conj/Pois/Air  ###.....     1%          3    None


Dungeon Overview and Level Annotations

Branches:
Dungeon (11/15)            Temple (1/1) D:5            Lair (0/6) D:11
    Orc (0/2) D:9

Altars:
Fedhas
Hepliaklqana
Okawaru
Sif Muna
Vehumet
Yredelemnul
Beogh

Annotations:
D:7 Joseph
D:8 Ashar's ghost, novice MfIE; Maurice
D:11 Snorg


Innate Abilities, Weirdness & Mutations

You can breathe blasts of fire.
Your fiery red scales are hard. (AC +7)
You cannot fit into any form of body armour.
Your flesh is heat resistant. (rF+)
You are cold-blooded and may be slowed by cold attacks.
You are somewhat resistant to further mutation.


Message History

Casting: Fireball
Confirm with . or Enter, or press ? or * to list all spells.
Aiming: Sticky Flame
Press: ? - help, Shift-Dir - straight line, f/p - Snorg
Aim: Snorg (almost dead, berserk, fast, unusually strong)
The sticky flame hits Snorg.
Snorg is almost dead.
Snorg is covered in liquid flames!
You are feeling hungry.
Snorg burns!
Snorg bites you! Snorg claws you!
* * * LOW HITPOINT WARNING * * *
Snorg barely misses you.
You feel much better.
Snorg burns!
Snorg bites you!!
* * * LOW HITPOINT WARNING * * *
Snorg claws you!
* * * LOW HITPOINT WARNING * * *
Snorg claws you but does no damage. Snorg bites you.
* * * LOW HITPOINT WARNING * * *
Snorg claws you!
You die...

##########..#############
#..# #..# ##########..#
............#############
........................#
#######.###############.#
#.###############.#
#######........T@<......#
........................#
........................#
........................#
........................#
.....................>.)#
#########################


You could see Snorg (berserk).

Vanquished Creatures
  Fannar (D:10)
  Erica (D:8)
  A two-headed ogre (D:10)
  Pikel (D:7)
  2 ugly things (D:11)
  2 trolls
  A hornet (D:11)
  2 hippogriffs
  A meliai zombie (D:10)
  2 vampires
  A wraith (D:9)
  A wyvern (D:10)
  Grum (D:10)
  2 hungry ghosts (D:9)
  Menkaure (D:6)
  10 orc warriors
  2 sky beasts
  4 ice beasts
  2 black bears
  A slave (D:7)
  6 centaurs
  3 ogres
  4 wolves (D:10)
  A big kobold (D:9)
  A crocodile (D:9)
  6 bullfrogs
  A gnoll sergeant (D:4)
  A wyvern zombie (D:10)
  A scorpion (D:7)
  A killer bee (D:6)
  10 howler monkeys
  7 wights
  A centaur zombie (D:8)
  6 crimson imps
  2 quasits
  12 orc priests
  12 orc wizards
  A centaur skeleton (D:5)
  5 hounds
  Crazy Yiuf (D:5)
  An iguana (D:7)
  3 jellies
  Jessica (D:2)
  9 worker ants
  A killer bee zombie (D:5)
  2 hound zombies (D:6)
  2 hound skeletons
  A worker ant zombie (D:5)
  7 gnolls
  12 adders
  2 shadow imps
  5 oozes
  An adder zombie (D:6)
  4 adder skeletons
  5 worms
  6 leopard geckos
  61 orcs
  6 giant cockroaches
  7 goblins
  2 hobgoblins (D:1)
  9 jackals
  6 quokkas
  A ball python (D:2)
  11 bats
  A frilled lizard (D:3)
  16 kobolds
  2 leopard gecko skeletons (D:4)
  A quokka skeleton (D:6)
  3 rats
309 creatures vanquished.

Vanquished Creatures (others)
  2 slaves (D:7)
  A centaur (D:7)
  A big kobold (D:7)
  A hound (D:7)
  A worker ant (D:7)
  A howler monkey zombie (D:7)
  An adder (D:7)
  2 orcs
  2 jackals (D:7)
  A kobold (D:7)
13 creatures vanquished.

Grand Total: 322 creatures vanquished

Notes
Turn   | Place    | Note
-------+----------+-------------------------------------------
     0 | D:1      | skittles the Draconian Fire Elementalist began the quest for the Orb.
     0 | D:1      | Reached XP level 1. HP: 14/14 MP: 3/3
   155 | D:1      | Reached XP level 2. HP: 16/20 MP: 0/5
   883 | D:2      | Reached XP level 3. HP: 26/26 MP: 0/6
  1094 | D:2      | Noticed Jessica
  1099 | D:2      | Killed Jessica
  1524 | D:2      | Reached XP level 4. HP: 33/33 MP: 6/8
  2095 | D:3      | Learned a level 3 spell: Conjure Flame
  2391 | D:3      | Reached skill level 4 in Fire Magic
  2483 | D:3      | Reached XP level 5. HP: 30/38 MP: 7/9
  3201 | D:3      | Learned a level 4 spell: Sticky Flame
  3246 | D:3      | Reached XP level 6. HP: 38/45 MP: 6/11
  3843 | D:4      | Reached skill level 5 in Fire Magic
  4306 | D:5      | Entered Level 5 of the Dungeon
  4357 | D:5      | Your scales start taking on a fiery red colour.
  4357 | D:5      | Reached skill level 6 in Fire Magic
  4357 | D:5      | Reached XP level 7. HP: 31/50 MP: 9/13
  4357 | D:5      | Gained mutation: Your flesh is heat resistant. (rF+) [Red Draconian growth]
  4974 | D:5      | Noticed a hippogriff
  5000 | D:5      | Killed a hippogriff
  5000 | D:5      | Reached skill level 5 in Spellcasting
  5000 | D:5      | Reached skill level 5 in Conjurations
  5000 | D:5      | Reached skill level 7 in Fire Magic
  5168 | D:5      | Found a runed door.
  5169 | D:5      | Got a twisted mace
  5170 | D:5      | Identified the +8 mace of the Shallot {venom, rElec} (You found it on level 5 of the Dungeon)
  5176 | D:5      | Noticed Crazy Yiuf
  5188 | D:5      | Killed Crazy Yiuf
  5188 | D:5      | Reached XP level 8. HP: 57/57 MP: 11/15
  5262 | D:5      | Found a staircase to the Ecumenical Temple.
  5270 | Temple   | Entered the Ecumenical Temple
  5280 | Temple   | Became a worshipper of Vehumet
  5545 | D:6      | Noticed Menkaure
  5553 | D:6      | Killed Menkaure
  5704 | D:6      | Reached skill level 8 in Fire Magic
  6166 | D:6      | Learned a level 5 spell: Fireball
  6171 | D:6      | Learned a level 4 spell: Throw Icicle
  6422 | D:6      | Reached * piety under Vehumet
  6422 | D:6      | Offered knowledge of Magic Dart by Vehumet.
  6487 | D:6      | Reached skill level 9 in Fire Magic
  6600 | D:6      | Reached XP level 9. HP: 62/62 MP: 18/18
  7026 | D:7      | Noticed Pikel
  7037 | D:7      | Killed Pikel
  7243 | D:7      | Noticed Joseph
  7744 | D:7      | Reached skill level 1 in Maces & Flails
  7744 | D:7      | Reached skill level 10 in Fire Magic
  7791 | D:7      | Reached ** piety under Vehumet
  7791 | D:7      | Offered knowledge of Sting by Vehumet.
  7963 | D:7      | Reached skill level 1 in Fighting
  8599 | D:8      | Noticed Erica
  8612 | D:8      | Killed Erica
  8612 | D:8      | Reached XP level 10. HP: 57/73 MP: 12/21
  8874 | D:8      | Noticed Ashar's ghost (novice MfIE)
  9243 | D:8      | Noticed Maurice
 10115 | D:9      | Found a roughly hewn altar of Beogh.
 10118 | D:9      | Found a staircase to the Orcish Mines.
 10176 | D:9      | Offered knowledge of Static Discharge by Vehumet.
 11104 | D:10     | Entered Level 10 of the Dungeon
 11162 | D:10     | Gained mutation: You are agile. (Dex +2) [potion of mutation]
 11162 | D:10     | Lost mutation: You are agile. (Dex +2) [potion of mutation]
 11162 | D:10     | Gained mutation: Your magical capacity is low. (-10% MP) [potion of mutation]
 11162 | D:10     | Gained mutation: Your large and strong wings let you fly indefinitely. [potion of mutation]
 11473 | D:10     | Reached *** piety under Vehumet
 11699 | D:10     | Noticed Grum
 11704 | D:10     | Killed Grum
 11781 | D:10     | Got a brightly glowing bone amulet
 11936 | D:10     | Identified the amulet "Woos" {Spirit rF+ rC+ MP+9} (You found it on level 10 of the Dungeon)
 12332 | D:10     | Offered knowledge of Mephitic Cloud by Vehumet.
 12343 | D:10     | Learned a level 3 spell: Mephitic Cloud
 12450 | D:10     | Noticed Fannar
 12455 | D:10     | Killed Fannar
 12455 | D:10     | Reached XP level 11. HP: 85/85 MP: 4/21
 12459 | D:10     | Reached skill level 11 in Fire Magic
 12674 | D:10     | Noticed a two-headed ogre
 12688 | D:10     | Killed a two-headed ogre
 12732 | D:11     | Noticed Snorg
 12960 | D:11     | Noticed a brown ugly thing
 13144 | D:11     | Lost mutation: Your magical capacity is low. (-10% MP) [potion of mutation]
 13144 | D:11     | Lost mutation: Your large and strong wings let you fly indefinitely. [potion of mutation]
 13144 | D:11     | Gained mutation: You are somewhat resistant to further mutation. [potion of mutation]
 13144 | D:11     | Gained mutation: You are dopey. (Int -2) [potion of mutation]
 13144 | D:11     | Lost mutation: You are dopey. (Int -2) [potion of mutation]
 13214 | D:11     | Found a staircase to the Lair.
 13317 | D:11     | Reached **** piety under Vehumet
 13329 | D:11     | Noticed a brown ugly thing
 13330 | D:11     | Offered knowledge of Yara's Violent Unravelling by Vehumet.
 13330 | D:11     | Reached skill level 5 in Fighting
 13415 | D:10     | Reached skill level 5 in Dodging
 13961 | D:11     | Killed a brown ugly thing
 13961 | D:11     | Killed a brown ugly thing
 13961 | D:11     | Reached skill level 5 in Maces & Flails
 14220 | D:11     | HP: 3/88 [Snorg (5)]
 14220 | D:11     | Mangled by Snorg

Skill      XL: |  1  2  3  4  5  6  7  8  9 10 11 |
---------------+----------------------------------+-----
Conjurations   | 2 3 4 5 6 8 9 |  9.5
Spellcasting   | 3 4 5 6 7 8 |  8.8
Fire Magic     | 4 6 7 9 10 11 | 11.4
Dodging        | 2 4 5 |  5.2
Maces & Flails | 2 4 5 |  5.0
Fighting       | 2 4 5 |  5.2
Stealth        | |  1.7

Action                   |  1- 3 |  4- 6 |  7- 9 | 10-12 || total
-------------------------+-------+-------+-------+-------++-------
Melee: Hand axe          |    39 |       |       |       ||    39
       Tailslap          |     6 |     8 |    21 |    23 ||    58
       Broad axe         |    21 |   142 |    33 |       ||   196
       Spear             |       |       |     9 |       ||     9
       Mace              |       |       |   157 |   210 ||   367
 Cast: Flame Tongue      |    24 |    59 |    54 |    68 ||   205
       Sticky Flame      |       |     6 |    17 |    37 ||    60
       Conjure Flame     |       |       |     1 |     4 ||     5
       Fireball          |       |       |     2 |    35 ||    37
 Abil: Breathe Fire      |       |       |     2 |     9 ||    11
  Use: Scroll            |       |       |     1 |    18 ||    19
       Potion            |       |       |     1 |     6 ||     7
 Stab: Sleeping          |       |     3 |     3 |     2 ||     8
       Distracted        |       |       |     1 |       ||     1
  Eat: Chunk             |     2 |    11 |    17 |    29 ||    59
       Fruit             |       |       |       |     5 ||     5
Armor: Skin              |    31 |    81 |   104 |   133 ||   349
Dodge: Dodged            |    62 |   191 |   187 |   274 ||   714
